 Dungeon Crawl Stone Soup version 0.30.1-9-gdf580d7c3d (webtiles) character file.

Game seed: 6103006990151664162

78078 Wiggles the Bludgeoner (level 15, -8/208 HPs)
             Began as a Minotaur Berserker on Oct 23, 2023.
             Was the Champion of Trog.
             Mangled by a boulder beetle (17 damage)
             ... on level 15 of the Dungeon.
             The game lasted 00:31:44 (19835 turns).

Wiggles the Bludgeoner (Minotaur Berserker)        Turns: 19835, Time: 00:31:45

Health: -8/208     AC: 30    Str: 35    XL:     15   Next: 17%
Magic:  14/14      EV: 11    Int:  4    God:    Trog [******]
Gold:   1835       SH:  0    Dex: 10    Spells: 14/14 levels left

rFire   . . .        J - +10 dark maul {heavy}
rCold   x . .        (shield currently unavailable)
rNeg    . . .        Z - +8 chain mail of the Sun {rPois Slay+5}
rPois   +            C - +2 hat
rElec   .            I - +2 cloak {rCorr}
rCorr   +            R - +0 pair of gloves
SInv    .            F - +0 pair of boots "Pasel" {-Cast Rampage rC- Slay+4}
Will    +....        (no amulet) Stlth
                     d - +4 ring of slaying
HPRegen 0.54/turn    h - +6 ring of strength
MPRegen 0.14/turn

%: no spellcasting, rampage
@: berserking (expiring), very quick
A: horns 2, retaliatory headbutt
a: Renounce Religion, Berserk, Trog's Hand, Brothers in Arms


You were on level 15 of the Dungeon.
You worshipped Trog.
Trog was exalted by your worship.
You visited 3 branches of the dungeon, and saw 21 of its levels.
You also visited: Ossuary.

You collected 1835 gold pieces.

Inventory:

Hand Weapons
 x - a +4 antimagic battleaxe
 J - the +10 dark maul (weapon) {heavy}
   (You found it on level 9 of the Dungeon)
Armour
 c - a +2 plate armour of willpower
 C - a +2 hat (worn)
 F - the +0 pair of boots "Pasel" (worn) {-Cast Rampage rC- Slay+4}
   (You found it on level 5 of the Dungeon)

   Slay:      It affects your accuracy & damage with ranged weapons and melee
   (+4).
   rC:        It makes you vulnerable to cold.
   -Cast:     It prevents spellcasting.
   Rampage:   It bestows one free step when moving towards enemies.
 I - a +2 cloak of preservation (worn)
 K - the +0 plate armour of Negligence {rF+}
   (You found it on level 9 of the Dungeon)

   rF:        It protects you from fire.
 R - a +0 pair of gloves (worn)
 Z - the +8 chain mail of the Sun (worn) {rPois Slay+5}
   (You found it on level 3 of the Lair of Beasts)

   Slay:      It affects your accuracy & damage with ranged weapons and melee
   (+5).
   rPois:     It protects you from poison.
Jewellery
 d - a +4 ring of slaying (left hand)
 h - a +6 ring of strength (right hand)
 i - an amulet of faith
 n - a ring of flight
 p - an amulet of reflection
 w - a ring of protection from fire
 H - a ring of see invisible
 S - a +5 ring of evasion
Wands
 a - a wand of charming (17)
 e - a wand of mindburst (16)
 s - a wand of flame (49)
 O - a wand of polymorph (6)
 U - a wand of roots (5)
 V - a wand of light (6)
 Y - a wand of digging (3)
Scrolls
 f - 7 scrolls of blinking
 j - 2 scrolls of fear
 l - 6 scrolls of teleportation
 q - 3 scrolls of enchant weapon
 r - 7 scrolls of poison
 y - 2 scrolls of magic mapping
 B - 2 scrolls of silence
 P - 5 scrolls of fog
 T - 3 scrolls of identify
Potions
 b - 3 potions of haste
 g - 6 potions of flight
 o - 8 potions of curing
 u - 2 potions of resistance
 v - 6 potions of might
 z - 3 potions of cancellation
 A - 2 potions of berserk rage
 E - a potion of magic
 G - 3 potions of mutation
 W - a potion of lignification
 X - 3 potions of ambrosia
Miscellaneous
 L - a tin of tremorstones (2/2)


   Skills:
 + Level 14.5 Fighting
 + Level 17.2(20.2) Axes
 + Level 17.7(20.5) Maces & Flails
 + Level 14.2 Armour
 + Level 5.7 Dodging
 + Level 2.6 Stealth
 + Level 3.7 Shields


You had 14 spell levels left.
You didn't know any spells.
Your spell library was empty.

Dungeon Overview and Level Annotations

Branches:
Dungeon (15/15)            Temple (0/1) D:4            Lair (5/5) D:8
 Shoals (0/4) Lair:2       Spider (1/4) Lair:2        Slime (0/5) Lair:5
    Orc (0/2) D:12         Vaults (0/5) D:13        Ossuary (visited)
 Depths: D:15

Altars:
Ashenzari
Dithmenos
Elyvilon
Fedhas
Gozag
Hepliaklqana
Kikubaaqudgha
Nemelex Xobeh
Qazlal
Ru
Sif Muna
Trog
Vehumet
Xom
Yredelemnul
Jiyva

Annotations:
D:6 2 transporters
D:10 2 transporters, lonewolfV2's ghost, journeyman MiFi
D:11 2 transporters


Innate Abilities, Weirdness & Mutations

You have a pair of horns on your head.
You reflexively headbutt those who attack you in melee.


Message History

Your troll bites the very large slime creature!
Your troll claws the very large slime creature!!
Your troll claws the very large slime creature.
The very large slime creature hits your troll!!
Your troll dies!
Your troll's corpse disappears in a puff of smoke!
You rampage towards the very large slime creature!
The very large slime creature hits you!!
* * * LOW HITPOINT WARNING * * *
The boulder beetle waves its antennae.
You see here the +8 great mace of Beepruimm {flame, Str+2}.
A red film seems to cover your vision as you go berserk!
You feel yourself moving faster!
You feel mighty!
The very large slime creature hits you!!!
* * * LOW HITPOINT WARNING * * *
You barely miss the very large slime creature.
The very large slime creature is moderately wounded.
The very large slime creature hits you but does no damage.
The boulder beetle curls into a ball and begins rolling!
You beat the very large slime creature like a drum!!!
You headbutt the very large slime creature!
The very large slime creature is severely wounded.
The very large slime creature closely misses you.
You furiously retaliate!
You headbutt the very large slime creature!
You pound the very large slime creature like an anvil!!!
You kill the very large slime creature!
Trog accepts your kill.
The boulder beetle stops rolling and uncurls.
The boulder beetle curls into a ball and begins rolling!
The basilisk bites you.
* * * LOW HITPOINT WARNING * * *
You crush the basilisk like a grape!!!!!
You kill the basilisk!
Trog accepts your kill.
You beat the boulder beetle like a drum!!!
Your headbutt misses the boulder beetle.
The boulder beetle is heavily wounded.
The boulder beetle hits you!
You die...

#.##.# ###.##.#
#.# #....#.#
###... ####.#.#
.....# #.#.#
#.....# #.#.#
....... #.#.#
.......
#.#.#####.......
#.#..@B°°..# ###
#.########## #..
###.# #.. #<#.#
#.. #.#.# #..
#.#.# ### ##.#.#
#....# ######


You could see a boulder beetle (rolling).

Vanquished Creatures
  Gastronok (D:8)
  Azrael (D:14)
  The ghost of turdburglar the Covert, a journeyman GnWn of Cheibriados (Lair:4)
  Josephine (Lair:3)
  3 centaur warriors
  2 catoblepae
  6 hydras
  5 two-headed ogres
  3 boulder beetles
  6 death yaks (Lair:5)
  3 skeletal warriors (D:12)
  A goliath frog (Lair:5)
  A deep elf pyromancer (D:12)
  5 manticores
  A mana viper (shapeshifter) (D:13)
  6 ugly things
  8 elephants
  7 cyclopes
  4 black mambas
  3 torpor snails
  26 cane toads
  2 gargoyles
  An unseen horror (D:10)
  2 rime drakes
  A yaktaur (D:13)
  4 komodo dragons
  3 centaur skeletons (D:13)
  An efreet (D:9)
  A tengu conjurer (D:9)
  3 tyrant leeches (Lair:5)
  A troll (D:11)
  Grinder (D:4)
  3 polar bears
  A hornet (D:5)
  19 blink frogs
  3 dream sheep (Lair:5)
  9 slime creatures
  54 yaks
  A shadow (D:10)
  6 wraiths
  4 vampires
  A fire elemental (D:14)
  4 wyverns
  2 basilisks
  3 steam dragons
  12 vampire mosquitoes
  3 wargs (D:8)
  15 water moccasins
  3 acid dragons
  4 hell hounds (D:14)
  5 orc warriors
  2 sky beasts
  A black bear (D:6)
  14 centaurs
  An ogre (D:7)
  20 wolves
  An elf zombie (Ossuary)
  2 phantoms
  22 bullfrogs
  3 kobold brigands
  A gnoll sergeant (D:8)
  2 scorpions
  9 killer bees
  3 electric eels
  8 howler monkeys
  2 lava snakes (Lair:5)
  A centaur zombie (Ossuary)
  Crazy Yiuf (D:4)
  5 hounds
  3 jellies
  2 gnoll boudas
  8 orc priests
  Jessica (D:3)
  20 orc wizards
  2 sleepcaps
  7 iguanas
  A boggart skeleton (D:13)
  5 hell rats (Lair:2)
  3 hound zombies (Ossuary)
  3 mummies (Ossuary)
  Robin (D:4)
  13 gnolls
  7 adders
  5 river rats (Lair:2)
  A shadow imp (D:6)
  A white imp (D:5)
  2 ufetubi
  6 adder zombies (Ossuary)
  A worm (D:2)
  3 dart slugs
  41 orcs
  5 bats
  3 endoplasms
  A giant cockroach (D:2)
  6 hobgoblins
  A jackal (D:4)
  5 quokkas
  7 ball pythons
  4 frilled lizards
  2 gnoll zombies (Ossuary)
  11 goblins
  4 goblin zombies (Ossuary)
  3 hobgoblin zombies (Ossuary)
  A jackal zombie (Ossuary)
  18 kobolds
  3 kobold zombies (Ossuary)
  3 orc zombies (Ossuary)
  4 quokka zombies (Ossuary)
  10 rats
  3 rat zombies (Ossuary)
594 creatures vanquished.

Vanquished Creatures (collateral kills)
  An ogre mage (D:13)
  A skeletal warrior (D:13)
  A cyclops (D:9)
  An ugly thing (D:9)
  A kobold demonologist (D:13)
  2 yaktaurs (D:13)
  A raiju (shapeshifter) (D:9)
  A wyvern (D:9)
  3 ogres (D:13)
  A kobold brigand (D:13)
13 creatures vanquished.

Grand Total: 607 creatures vanquished

Notes
Turn   | Place    | Note
-------+----------+-------------------------------------------
     0 | D:1      | Wiggles the Minotaur Berserker began the quest for the Orb.
     0 | D:1      | Reached XP level 1. HP: 19/19 MP: 0/0
   349 | D:1      | Reached XP level 2. HP: 21/27 MP: 1/1
   862 | D:2      | Reached XP level 3. HP: 33/33 MP: 2/2
   874 | D:2      | Reached ** piety under Trog
  2046 | D:3      | Noticed Jessica
  2055 | D:3      | Killed Jessica
  2056 | D:3      | Reached skill level 5 in Axes
  2056 | D:3      | Reached XP level 4. HP: 40/40 MP: 3/3
  2085 | D:3      | Found a shimmering altar of Xom.
  2088 | D:3      | Found an ancient bone altar of Kikubaaqudgha.
  2089 | D:3      | Found a basalt altar of Yredelemnul.
  2098 | D:3      | Found a stormy altar of Qazlal.
  2099 | D:3      | Found a sacrificial altar of Ru.
  2112 | D:3      | Found a bloodstained altar of Trog.
  2174 | D:3      | Found a radiant altar of Vehumet.
  2178 | D:3      | Found an opulent altar of Gozag.
  2183 | D:3      | Found a shadowy altar of Dithmenos.
  2574 | D:3      | Found a faded altar of an unknown god.
  2623 | D:4      | Reached XP level 5. HP: 22/46 MP: 4/4
  2714 | D:4      | Noticed a phantom
  2721 | D:4      | Killed a phantom
  2722 | D:4      | Reached XP level 6. HP: 42/53 MP: 5/5
  2738 | D:4      | Identified the +2 leather armour "Unaeh" {Dex+5}
  3051 | D:4      | Found a sand-covered staircase.
  3062 | Ossuary  | Entered an ossuary
  3075 | Ossuary  | Reached *** piety under Trog
  3187 | Ossuary  | Reached skill level 1 in Shields
  3260 | Ossuary  | Reached XP level 7. HP: 45/60 MP: 6/6
  3613 | D:4      | Found a hazy altar of Hepliaklqana.
  3646 | D:4      | Noticed Grinder
  3653 | D:4      | Killed Grinder
  3654 | D:4      | Reached skill level 5 in Fighting
  3654 | D:4      | Reached skill level 5 in Armour
  3749 | D:4      | Found a runed translucent door.
  3750 | D:4      | Noticed Crazy Yiuf
  3756 | D:4      | Killed Crazy Yiuf
  3937 | D:4      | Noticed Robin
  3946 | D:4      | Killed Robin
  3947 | D:4      | Reached **** piety under Trog
  3981 | D:4      | Found a staircase to the Ecumenical Temple.
  4100 | D:5      | Entered Level 5 of the Dungeon
  4201 | D:5      | Reached XP level 8. HP: 57/68 MP: 7/7
  4217 | D:5      | Identified the +0 pair of boots "Pasel" {-Cast Rampage rC-
                  | Slay+4}
  4577 | D:5      | Found a large runed translucent door.
  4577 | D:5      | Found a large runed translucent door.
  4583 | D:5      | Noticed a hornet
  4601 | D:5      | Killed a hornet
  4602 | D:5      | Found a large runed translucent door.
  4602 | D:5      | Found a large runed translucent door.
  4612 | D:5      | Reached skill level 10 in Axes
  4612 | D:5      | Reached skill level 1 in Stealth
  4760 | D:5      | Identified the ring of Midwinter {rN+ Int-3 Dex+4 Stlth+}
  4835 | D:5      | Identified the +1 sling of Adonnife {freeze, rF+}
  4908 | D:5      | Found a shimmering blue altar of Sif Muna.
  4998 | D:6      | Reached XP level 9. HP: 78/78 MP: 8/8
  5127 | D:6      | Found a transporter.
  5131 | D:6      | Noticed a manticore
  5146 | D:6      | Found a transporter.
  5153 | D:6      | Found a white marble altar of Elyvilon.
  5154 | D:6      | Found a broken altar of Ashenzari.
  5154 | D:6      | Found a blossoming altar of Fedhas.
  5904 | D:7      | Reached ***** piety under Trog
  6798 | D:8      | Found a staircase to the Lair.
  6809 | D:8      | Received a gift from Trog
  6818 | D:8      | Reached XP level 10. HP: 49/88 MP: 9/9
  7168 | D:8      | Noticed Gastronok
  7178 | D:8      | Killed Gastronok
  7390 | Lair:1   | Entered Level 1 of the Lair of Beasts
  7506 | D:9      | Noticed a two-headed ogre
  7521 | D:9      | Killed a two-headed ogre
  7524 | D:9      | Reached skill level 15 in Axes
  7923 | D:9      | Reached XP level 11. HP: 95/97 MP: 3/10
  7981 | D:9      | Identified the +8 dire flail of Ihidutheoth {freeze, rC+
                  | rN+}
  8286 | D:9      | Noticed a cyan ugly thing
  8289 | D:9      | Noticed a centaur warrior
  8295 | D:9      | Killed a cyan ugly thing
  8296 | D:9      | Killed a centaur warrior
  8309 | D:9      | Noticed a purple ugly thing
  8315 | D:9      | Killed a purple ugly thing
  8322 | D:9      | Reached skill level 10 in Fighting
  8419 | D:9      | Noticed a two-headed ogre
  8424 | D:9      | Killed a two-headed ogre
  8463 | D:9      | Found the +10 dark maul {heavy}
  8465 | D:9      | Identified the +0 plate armour of Negligence {rF+}
  8465 | D:9      | Identified the staff of conjuration "Lafis" {Fragile rPois
                  | rF+ rC+}
  8465 | D:9      | Identified the staff of poison "Tuasim" {+Blink rPois rC+
                  | rN+ Str-3 Int+9}
  8906 | D:10     | Entered Level 10 of the Dungeon
  8938 | D:10     | Noticed a two-headed ogre
  8942 | D:10     | Killed a two-headed ogre
  8943 | D:10     | Reached skill level 1 in Maces & Flails
  8945 | D:10     | Identified the +6 great sword "Mapsefem" {holy, rElec rC+++
                  | Str-3 Int-4}
  9129 | D:10     | Found a transporter.
  9129 | D:10     | Noticed an ice dragon
  9130 | D:10     | Noticed lonewolfV2's ghost (journeyman MiFi)
  9130 | D:10     | Found the Hermit's Pendant {Faith Invo=14 Evo=0 MP+5}
  9144 | D:10     | Found a transporter.
  9342 | D:10     | Reached skill level 10 in Armour
  9727 | D:11     | Reached XP level 12. HP: 82/108 MP: 11/11
 10006 | D:11     | Reached skill level 5 in Maces & Flails
 10172 | D:11     | Found a transporter.
 10183 | D:11     | Found a transporter.
 10185 | D:11     | Found a transporter.
 10266 | D:11     | Found a transporter.
 10346 | D:11     | Noticed a boulder beetle
 10350 | D:11     | Killed a boulder beetle
 10762 | Lair:1   | HP: 5/110 [poisoned by a black mamba]
 11057 | Lair:1   | Reached ****** piety under Trog
 12090 | Lair:2   | Found a hole to the Spider Nest.
 12097 | Lair:2   | Received a gift from Trog
 12279 | Lair:2   | Reached skill level 10 in Maces & Flails
 12450 | Lair:2   | Found a staircase to the Shoals.
 13168 | Spider:1 | Entered Level 1 of the Spider Nest
 13298 | Lair:3   | Identified the +8 chain mail of the Sun {rPois Slay+5}
 13320 | Lair:3   | Reached XP level 13. HP: 109/118 MP: 12/12
 13437 | Lair:3   | Noticed Josephine
 13441 | Lair:3   | Killed Josephine
 14687 | Lair:4   | Found a runed translucent door.
 14689 | Lair:4   | Noticed turdburglar's ghost (journeyman GnWn)
 14699 | Lair:4   | Killed turdburglar's ghost
 14960 | Lair:4   | Identified the +5 ring mail of Dithmenos's Regard {rF+ rC+
                  | Slay+2}
 15173 | Lair:5   | Entered Level 5 of the Lair of Beasts
 15530 | Lair:5   | Reached XP level 14. HP: 60/129 MP: 13/13
 15792 | Lair:5   | Found a sparkling altar of Nemelex Xobeh.
 15850 | Lair:5   | Reached skill level 5 in Dodging
 15925 | Lair:5   | Received a gift from Trog
 16149 | Lair:5   | Reached skill level 15 in Maces & Flails
 16714 | Lair:5   | Found a viscous altar of Jiyva.
 16716 | Lair:5   | Found a staircase to the Slime Pits.
 17463 | D:12     | Found a broken altar of Ashenzari.
 17568 | D:12     | Found a staircase to the Orcish Mines.
 17762 | D:12     | You fall into a shaft and drop 3 floors!
 17762 | D:15     | Entered Level 15 of the Dungeon
 18686 | D:13     | Reached XP level 15. HP: 81/139 MP: 14/14
 18935 | D:13     | Found a gate to the Vaults.
 19114 | D:14     | Noticed Azrael
 19118 | D:14     | Killed Azrael
 19823 | D:15     | Identified the +8 great mace of Beepruimm {flame, Str+2}
                  | (Trog gifted it to you on level 15 of the Dungeon)
 19823 | D:15     | Received a gift from Trog
 19833 | D:15     | HP: 8/208 [basilisk (5)]
 19835 | D:15     | Mangled by a boulder beetle

Illustrated notes

Levels and vault maps discovered:
D:1:      dpeg_arrival_three_same_balls, layout_basic, minmay_gold_behind_fungi,
          moated_statue
D:2:      layout_loops_ring, chequers_garden, chequers_big_river,
          nicolae_concentric_dashed_squares_mild
D:3:      layout_basic, nicolae_overflow_hallway_of_the_gods,
          shapermc_ecumenical_altar_petra, uniq_jessica
D:4:      layout_basic, nicolae_hepliaklqana_hippocampus,
          minmay_temple_entry_enclosed_plants,
          lightli_ossuary_entry_decrepit_ruins, minmay_starry_boxes,
          uniq_grinder, uniq_robin, uniq_crazy_yiuf_cottage
D:5:      layout_rooms, kennysheep_orc_sif_temple, minmay_hollow_rounded_squares
D:6:      layout_basic, gammafunk_temple_overflow_arena
D:7:      layout_cave_pods, nicolae_figureground_sparkle
D:8:      layout_rooms, erik_lair_orcish_takeover, hangedman_decor_lopped,
          uniq_gastronok
D:9:      minmay_the_grid_net [minmay_the_grid_gridbox, minmay_the_grid_box_x,
          minmay_the_grid_pillar_ring, minmay_the_grid_large_cup,
          minmay_the_grid_stretched_grid,
          minmay_the_grid_prize_shrinking_boxes], layout_stronghold, st_stairs_4
D:10:     layout_roguey, gammafunk_ghost_berserking_beasts
D:11:     minmay_spotlight, layout_rooms, nicolae_diode_quadrants
D:12:     layout_basic, orc_0_dummy, nicolae_ashenzari_panopticon
D:13:     layout_cave_pools, hangedman_vaults_entry_quadrant_bands
D:14:     layout_loops_ring, uniq_azrael
D:15:     grunt_enter_depths_magical_seal, layout_basic, minmay_librarian
Lair:1:   layout_loops_ring, lemuel_fruit_tree
Lair:2:   layout_layer_cave, elwin_shoals_entry_rocks, dummy_spider_entry,
          kennysheep_abandoned_house
Lair:3:   layout_chaotic_city, uniq_josephine
Lair:4:   layout_long_grid, ebering_ghost_inner_flame,
          chequers_serial_rivers_micro_c, nicolae_quartered_pool_super
Lair:5:   minmay_lair_end_frog_pond, layout_regular_city,
          minmay_slime_entry_pillars, basic_altar, minivault_19, st_stairs_6,
          nicolae_lair_liquid_snakes
Spider:1: layout_spider_delve, worms_lemuel

Skill      XL: |  1  2  3  4  5  6  7  8  9 10 11 12 13 14 15 |
---------------+----------------------------------------------+-----
Axes           | 4 5 6 7 9 11 13 15 17 | 17.2
Armour         | 3 4 5 6 8 9 10 11 12 13 14 | 14.2
Fighting       | 4 5 6 7 9 10 12 13 14 | 14.5
Shields        | 1 2 3 |  3.7
Dodging        | 3 4 5 |  5.7
Stealth        | 1 2 |  2.6
Maces & Flails | 4 10 14 17 | 17.7

Action                     |  1- 3 |  4- 6 |  7- 9 | 10-12 | 13-15 || total
---------------------------+-------+-------+-------+-------+-------++-------
  Melee: Hand axe          |    84 |    11 |       |       |       ||    95
         Headbutt          |     8 |    14 |    32 |    37 |    25 ||   116
         War axe           |       |    98 |   191 |     2 |       ||   291
         Battleaxe         |       |       |       |   122 |       ||   122
         Maul              |       |       |       |   129 |   264 ||   393
 Invoke: Berserk           |     1 |     2 |     4 |     2 |     4 ||    13
         Brothers in Arms  |       |       |       |     1 |     3 ||     4
    Use: Scroll            |       |       |    20 |     7 |     4 ||    31
         Potion            |       |       |       |     3 |     1 ||     4
   Stab: Sleeping          |     2 |       |       |       |       ||     2
 Armour: Animal skin       |     5 |       |       |       |       ||     5
         Ring mail         |     4 |       |       |       |       ||     4
         Chain mail        |    15 |    80 |    79 |    29 |   422 ||   625
         Plate armour      |       |       |       |   268 |       ||   268
  Dodge: Dodged            |    34 |    53 |    83 |   273 |   388 ||   831
  Block: Buckler           |    11 |    15 |    36 |       |       ||    62
